Inferno vs Sewer Rats
(R1)
Created - 3 avril 2014 at 19:05
Goals
|
| Inferno |
1 |
1 |
1 |
3 |
| Sewer Rats |
3 |
1 |
2 |
6 |
|
Shots
|
| Inferno |
8 |
15 |
4 |
27 |
| Sewer Rats |
16 |
15 |
7 |
38 |
|
1st period
1. Sewer Rats , Ville Leino 39 (Dustin Byfuglien, Matt Lashoff) at 11:50 (PP)
2. Sewer Rats , Ville Leino 40 (Dustin Byfuglien, Brandon Sutter) at 12:00
3. Sewer Rats , Dustin Byfuglien 55 (John-Michael Liles, Jhonas Enroth) at 13:28 (PP)
4. Inferno , Brad Marchand 43 (Jonathan Ferland, Stephane Veilleux) at 15:47 (PP)
Penalties :
John Erskine (Tol) for Hooking (Minor) at 8:38, Stephane Veilleux (Anc) for Elbowing (Minor) at 11:35, Brad Marchand (Anc) for Interference (Minor) at 12:46, Vojtech Polak (Tol) for Roughing (Minor) at 14:34, Jake Dowell (Anc) for Interference (Minor) at 19:48
2nd period
5. Sewer Rats , Dustin Byfuglien 56 (Brandon Sutter) at 9:54 (PP)
6. Inferno , Jonathan Ferland 58 (Andrej Sekera, Andrej Meszaros) at 12:31 (PP)
Penalties :
Mike Mottau (Tol) for Slashing (Minor) at 3:04, Patrick Bordeleau (Tol) for Holding (Minor) at 5:43, Alex Berry (Anc) for Slashing (Minor) at 8:07, John Erskine (Tol) for Hooking (Minor) at 12:09, Brian Boyle (Anc) for High sticking (Minor) at 16:55, Jozef Balej (Anc) for High sticking (Minor) at 19:38
3rd period
7. Sewer Rats , Kyle Okposo 23 (Lars Eller, Vojtech Polak) at 4:48
8. Sewer Rats , Mark Mancari 27 (Max Pacioretty) at 7:33 (SH)
9. Inferno , Pierre-Luc Létourneau 15 (Alex Berry) at 9:21
Penalties :
Matt Lashoff (Tol) for Fighting (Major) at 2:48, Pierre-Luc Létourneau (Anc) for Fighting (Major) at 2:48, John Erskine (Tol) for Roughing (Minor) at 6:44, Kyle Quincey (Tol) for Hooking (Minor) at 15:30
Goalie Stats
Josh Harding (Anc), 32 saves from 38 shots - (0,842), L, 32-15-4, 60:00 minutes
Jhonas Enroth (Tol), 24 saves from 27 shots - (0,889), W, 18-12-1, 60:00 minutes
Players Stats for Inferno
Player Name G A P +/- PIM S H SB GA TA FO MP PP MP PK MP
------------------------------------------------------------------------------------
Alex Berry 0 1 1 1 2 0 0 0 0 0 0/0 9:33 0:03 0:00
Andrej Meszaros 0 1 1 -3 0 2 2 1 1 1 0/0 30:02 6:49 5:50
Andrej Sekera 0 1 1 -3 0 2 2 1 1 1 0/0 30:02 6:49 5:50
Brad Marchand 1 0 1 -2 2 2 2 1 1 0 2/5 21:28 6:05 1:22
Brayden Irwin 0 0 0 0 0 0 0 0 0 0 0/0 0:00 0:00 0:00
Brendan Mikkelson 0 0 0 0 0 2 1 2 1 0 0/0 21:42 4:41 2:51
Brendan Smith 0 0 0 0 0 1 3 1 0 1 0/0 21:42 4:41 2:51
Brian Boyle 0 0 0 -1 2 4 3 0 0 2 11/30 12:14 0:00 3:40
Colin Wilson 0 0 0 -2 0 0 3 0 0 0 6/17 16:21 6:05 0:23
Jake Dowell 0 0 0 0 2 1 0 1 0 1 1/1 9:26 0:00 1:46
Jonathan Ferland 1 1 2 -2 0 4 2 0 0 0 1/2 26:38 6:07 5:59
Jozef Balej 0 0 0 -1 2 0 1 0 0 1 0/1 12:35 0:11 0:00
Kyle Beach 0 0 0 0 0 0 0 0 0 0 0/0 0:00 0:00 0:00
Lauri Korpikoski 0 0 0 0 0 0 0 0 0 0 0/0 0:24 0:00 0:00
Luca Sbisa 0 0 0 0 0 0 0 0 0 0 0/0 0:00 0:00 0:00
Mark Mitera 0 0 0 1 0 0 2 0 0 0 0/0 8:16 0:00 0:00
Matt Kassian 0 0 0 0 0 1 2 0 0 0 0/0 6:48 0:00 0:00
Pierre-Luc Létourneau 1 0 1 1 5 1 1 2 0 0 2/6 13:11 0:10 1:20
Ryan McGinnis 0 0 0 0 0 0 0 0 0 0 0/0 0:00 0:00 0:00
Stephane Veilleux 0 1 1 -1 2 2 0 1 0 1 0/0 15:01 5:15 0:00
T.J Brennan 0 0 0 0 0 0 0 0 0 0 0/0 0:00 0:00 0:00
Vladimir Sobotka 0 0 0 1 0 3 2 1 0 0 8/12 16:07 5:15 2:52
Vladimir Zharkov 0 0 0 0 0 2 1 1 1 0 1/1 11:26 5:19 0:00
Yannick Weber 0 0 0 1 0 0 0 1 0 0 0/0 8:16 0:00 0:00
Zach Redmond 0 0 0 0 0 0 0 0 0 0 0/0 0:00 0:00 0:00
Players Stats for Sewer Rats
Player Name G A P +/- PIM S H SB GA TA FO MP PP MP PK MP
------------------------------------------------------------------------------------
Andy Delmore 0 0 0 0 0 0 0 0 0 0 0/0 0:00 0:00 0:00
Brandon Sutter 0 2 2 1 0 1 1 0 0 0 21/34 18:43 5:27 0:00
Chad Denny 0 0 0 0 0 0 0 0 0 0 0/0 0:00 0:00 0:00
Derek Dorsett 0 0 0 0 0 0 0 0 0 0 0/1 6:44 0:00 1:55
Dustin Byfuglien 2 2 4 1 0 8 0 1 2 1 8/11 24:49 5:24 6:08
Evan Brophey 0 0 0 0 0 0 1 0 0 0 0/0 4:44 0:00 0:00
John Erskine 0 0 0 0 6 1 1 0 0 1 0/0 19:21 2:58 3:08
John Lammers 0 0 0 0 0 0 0 0 0 0 0/0 1:48 0:00 1:43
John-Michael Liles 0 1 1 0 0 1 0 1 0 1 0/0 27:33 5:43 5:55
Jonathan Paiement 0 0 0 0 0 0 0 0 0 0 0/0 0:00 0:00 0:00
Kyle Okposo 1 0 1 1 0 6 2 0 0 0 0/0 9:37 0:03 0:00
Kyle Quincey 0 0 0 1 2 1 2 1 0 1 0/0 10:25 0:00 0:00
Kyle Turris 0 0 0 0 0 0 1 0 1 0 7/18 14:34 3:14 0:00
Lars Eller 0 1 1 1 0 1 2 0 1 0 5/6 9:34 0:00 0:00
Mark Mancari 1 0 1 0 0 5 1 0 1 0 1/1 18:50 3:14 3:27
Matt Lashoff 0 1 1 0 5 1 0 0 0 1 0/0 19:07 2:58 4:54
Max Pacioretty 0 1 1 0 0 2 3 1 0 0 0/0 18:50 3:14 3:27
Mike Funk 0 0 0 1 0 0 0 0 0 0 0/0 3:53 0:00 1:12
Mike Mottau 0 0 0 0 2 2 1 0 2 0 0/0 28:45 5:43 5:14
Patrick Bordeleau 0 0 0 0 2 0 0 0 0 0 0/0 4:45 0:00 0:00
Ryan Maki 0 0 0 0 0 0 0 0 0 0 0/0 0:00 0:00 0:00
Steven Kampfer 0 0 0 0 0 0 0 0 0 0 0/0 0:00 0:00 0:00
Ville Leino 2 0 2 1 0 9 6 3 0 0 0/3 25:04 5:27 6:20
Vojtech Polak 0 1 1 1 2 0 1 1 1 0 1/1 9:33 0:00 0:00
Zach Bogosian 0 0 0 1 0 0 0 0 0 0 0/0 11:51 0:00 2:45
3 Stars
1 - Dustin Byfuglien (Tol)
2 - Ville Leino (Tol)
3 - Kyle Okposo (Tol)
Power Play
Inferno - 2 on 7 Attempt(s) - 28,57%
Sewer Rats - 3 on 6 Attempt(s) - 50,00%
Penalty Kill
Inferno - 3 on 6 Attempt(s) - 50,00%
- Score 0 goal in Penalty Kill
Sewer Rats - 5 on 7 Attempt(s) - 71,43%
- Score 1 goal in Penalty Kill
Official
Referees : Kozari Steve and Joannette Marc
Linesman : Vaughan Rody and Mark Shewchyk
Game Notes
Brian Boyle is injured at 18:59 of 2nd period (Right Foot)
Pierre-Luc Létourneau beats up Matt Lashoff at 2:48 of 3rd period
Finance
Level 1 -- Attendance: 1525 (76,25%) -- Ticket Income 45 750 $
Level 2 -- Attendance: 703 (70,30%) -- Ticket Income 8 436 $
Total Attendance: 2228 (74,27%)
Total Ticket Income: 54 186 $
Other Income: 2 709 $
Total Income: 56 895 $
Inferno
5 vs 5 Forward
Center Left Wing Right Wing Time % Phy DF OF
1 Brian Boyle Brad Marchand Jonathan Ferland 40 1 2 2
2 Colin Wilson Stephane Veilleux Jozef Balej 30 1 2 2
3 Vladimir Sobotka Pierre-Luc Létourneau Alex Berry 20 1 2 2
4 Jake Dowell Matt Kassian Vladimir Zharkov 10 1 2 2
5 vs 5 Defense
Defense Defense Time % Phy DF OF
1 Andrej Meszaros Andrej Sekera 40 1 2 2
2 Brendan Mikkelson Brendan Smith 30 1 2 2
3 Mark Mitera Yannick Weber 20 1 2 2
4 Brendan Mikkelson Brendan Smith 10 1 2 2
PowerPlay Forward
Center Left Wing Right Wing Time % Phy DF OF
1 Colin Wilson Brad Marchand Jonathan Ferland 60 1 2 2
2 Vladimir Sobotka Stephane Veilleux Vladimir Zharkov 40 1 2 2
PowerPlay Defense
Defense Defense Time % Phy DF OF
1 Andrej Meszaros Andrej Sekera 60 1 2 2
2 Brendan Mikkelson Brendan Smith 40 1 2 2
Penalty Kill 4 Players Forward
Center Wing Time % Phy DF OF
1 Brian Boyle Jonathan Ferland 60 1 3 1
2 Vladimir Sobotka Pierre-Luc Létourneau 40 1 3 1
Penalty Kill 4 Players Defense
Defense Defense Time % Phy DF OF
1 Andrej Meszaros Andrej Sekera 60 1 3 1
2 Brendan Mikkelson Brendan Smith 40 1 3 1
Penalty Kill - 3 Players Forward
Forward Time % Phy DF OF
1 Brian Boyle 60 1 4 0
2 Vladimir Sobotka 40 1 4 0
Penalty Kill - 3 Players Defense
Defense Defense Time % Phy DF OF
1 Andrej Meszaros Andrej Sekera 60 1 4 0
2 Brendan Mikkelson Brendan Smith 40 1 4 0
4 vs 4 Forward
Center Wing Time % Phy DF OF
1 Brian Boyle Brad Marchand 60 1 2 2
2 Colin Wilson Jonathan Ferland 40 1 2 2
4 vs 4 Defense
Defense Defense Time % Phy DF OF
1 Andrej Meszaros Andrej Sekera 60 1 2 2
2 Brendan Mikkelson Brendan Smith 40 1 2 2
Last Minutes Offensive
Center Left Wing Right Wing Defense Defense
Colin Wilson Brad Marchand Jonathan Ferland Andrej Meszaros Andrej Sekera
Last Minutes Defensive
Center Left Wing Right Wing Defense Defense
Brian Boyle Brad Marchand Jonathan Ferland Andrej Meszaros Andrej Sekera
Goaltenders
Starting : Josh Harding
Backup : Jonathan Boutin
Extra Forwards
Normal : Jonathan Ferland, Pierre-Luc Létourneau, Jozef Balej - PP : Jozef Balej, Pierre-Luc Létourneau - PK : Vladimir Sobotka
Extra Defensemen
Normal : Andrej Sekera, Brendan Smith, Mark Mitera - PP : Brendan Smith - PK : Andrej Sekera, Brendan Smith
Penalty Shots
Jozef Balej, Colin Wilson, Jonathan Ferland, Brad Marchand, Vladimir Zharkov
Sewer Rats
5 vs 5 Forward
Center Left Wing Right Wing Time % Phy DF OF
1 Brandon Sutter Ville Leino Dustin Byfuglien 40 1 2 2
2 Kyle Turris Max Pacioretty Mark Mancari 30 1 2 2
3 Lars Eller Vojtech Polak Kyle Okposo 20 1 2 2
4 Evan Brophey Patrick Bordeleau Derek Dorsett 10 1 2 2
5 vs 5 Defense
Defense Defense Time % Phy DF OF
1 Mike Mottau John-Michael Liles 40 1 2 2
2 Matt Lashoff John Erskine 30 1 2 2
3 Kyle Quincey Zach Bogosian 20 1 2 2
4 Mike Funk Mike Mottau 10 1 2 2
PowerPlay Forward
Center Left Wing Right Wing Time % Phy DF OF
1 Brandon Sutter Ville Leino Dustin Byfuglien 60 1 2 2
2 Kyle Turris Max Pacioretty Mark Mancari 40 1 2 2
PowerPlay Defense
Defense Defense Time % Phy DF OF
1 Mike Mottau John-Michael Liles 60 1 2 2
2 Matt Lashoff John Erskine 40 1 2 2
Penalty Kill 4 Players Forward
Center Wing Time % Phy DF OF
1 Dustin Byfuglien Ville Leino 60 1 2 2
2 Max Pacioretty Mark Mancari 40 1 2 2
Penalty Kill 4 Players Defense
Defense Defense Time % Phy DF OF
1 Mike Mottau John-Michael Liles 60 1 2 2
2 Matt Lashoff John Erskine 40 1 2 2
Penalty Kill - 3 Players Forward
Forward Time % Phy DF OF
1 Dustin Byfuglien 60 1 2 2
2 Ville Leino 40 1 2 2
Penalty Kill - 3 Players Defense
Defense Defense Time % Phy DF OF
1 Mike Mottau John-Michael Liles 60 1 2 2
2 Matt Lashoff John Erskine 40 1 2 2
4 vs 4 Forward
Center Wing Time % Phy DF OF
1 Dustin Byfuglien Ville Leino 60 1 2 2
2 Max Pacioretty Mark Mancari 40 1 2 2
4 vs 4 Defense
Defense Defense Time % Phy DF OF
1 Mike Mottau John-Michael Liles 60 1 2 2
2 Matt Lashoff John Erskine 40 1 2 2
Last Minutes Offensive
Center Left Wing Right Wing Defense Defense
Brandon Sutter Ville Leino Dustin Byfuglien Mike Mottau John-Michael Liles
Last Minutes Defensive
Center Left Wing Right Wing Defense Defense
Brandon Sutter Ville Leino Dustin Byfuglien Mike Mottau John-Michael Liles
Goaltenders
Starting : Jhonas Enroth
Backup : Semyon Varlamov
Extra Forwards
Normal : Kyle Okposo, Vojtech Polak, Derek Dorsett - PP : Kyle Okposo, Vojtech Polak - PK : Derek Dorsett
Extra Defensemen
Normal : Kyle Quincey, Zach Bogosian, Mike Funk - PP : Kyle Quincey - PK : Zach Bogosian, Mike Funk
Penalty Shots
Dustin Byfuglien, Ville Leino, Max Pacioretty, Mark Mancari, Kyle Okposo
% Time on Ice - Inferno
Lines # - Real PCT - Wanted PCT - Time Play
Normal Forward
1 - 36% - 40% - 14:13
2 - 25% - 30% - 9:51
3 - 22% - 20% - 8:57
4 - 17% - 10% - 6:48
Normal Defense
1 - 44% - 40% - 17:23
2 - 32% - 30% - 12:37
3 - 21% - 20% - 8:16
4 - 4% - 10% - 1:33
PP Forward
1 - 54% - 60% - 6:10
2 - 46% - 40% - 5:20
PP Defense
1 - 59% - 60% - 6:49
2 - 41% - 40% - 4:41
PK Forward
1 - 85% - 60% - 7:21
2 - 15% - 40% - 1:20
PK Defense
1 - 67% - 60% - 5:50
2 - 33% - 40% - 2:51
PK3 Forward
1 - 0% - 60%
2 - 0% - 40%
PK3 Defense
1 - 0% - 60%
2 - 0% - 40%
44 Forward
1 - 0% - 60%
2 - 0% - 40%
44 Defense
1 - 0% - 60%
2 - 0% - 40%
Last Minute Offensive - 0:00
Last Minute Defensive - 0:00
Total
Forward - 60:00
Defense - 60:00
|
% Time on Ice - Sewer Rats
Lines # - Real PCT - Wanted PCT - Time Play
Normal Forward
1 - 34% - 40% - 13:22
2 - 31% - 30% - 12:09
3 - 24% - 20% - 9:34
4 - 12% - 10% - 4:44
Normal Defense
1 - 40% - 40% - 15:55
2 - 32% - 30% - 12:50
3 - 22% - 20% - 8:51
4 - 6% - 10% - 2:13
PP Forward
1 - 63% - 60% - 5:27
2 - 37% - 40% - 3:14
PP Defense
1 - 66% - 60% - 5:43
2 - 34% - 40% - 2:58
PK Forward
1 - 70% - 60% - 8:03
2 - 30% - 40% - 3:27
PK Defense
1 - 56% - 60% - 6:29
2 - 44% - 40% - 5:01
PK3 Forward
1 - 0% - 60%
2 - 0% - 40%
PK3 Defense
1 - 0% - 60%
2 - 0% - 40%
44 Forward
1 - 0% - 60%
2 - 0% - 40%
44 Defense
1 - 0% - 60%
2 - 0% - 40%
Last Minute Offensive - 0:00
Last Minute Defensive - 0:00
Total
Forward - 60:00
Defense - 60:00
|
Play by Play
1st period
0:01 of 1st period - Brian Boyle wins face-off versus Ville Leino in neutral zone.
0:26 of 1st period - Jozef Balej is hit by Mike Mottau and loses puck.
0:32 of 1st period - Off-side.
0:33 of 1st period - Vladimir Sobotka wins face-off versus Kyle Turris in neutral zone.
0:38 of 1st period - Snap shot by Vladimir Sobotka.
0:38 of 1st period - Stopped by Jhonas Enroth without a rebound.
0:39 of 1st period - Vojtech Polak wins face-off versus Vladimir Sobotka in Sewer Rats zone.
0:39 of 1st period - Vojtech Polak is hit by Mark Mitera.
0:51 of 1st period - Slapshot by Kyle Okposo.
0:51 of 1st period - Shot Misses the Net.
0:53 of 1st period - Snap shot by John Erskine.
0:53 of 1st period - Stopped by Josh Harding with a rebound.
0:55 of 1st period - Slapshot by Kyle Okposo.
0:55 of 1st period - Stopped by Josh Harding with a rebound.
1:05 of 1st period - Matt Lashoff is hit by Matt Kassian and loses puck.
1:12 of 1st period - Slapshot by Kyle Quincey.
1:12 of 1st period - Shot Blocked by Yannick Weber.
1:14 of 1st period - Backhand shot by Kyle Quincey.
1:14 of 1st period - Shot Misses the Net.
1:49 of 1st period - Max Pacioretty is hit by Brendan Smith and loses puck.
1:56 of 1st period - Slapshot by Colin Wilson.
1:56 of 1st period - Deflect By Stephane Veilleux.
1:56 of 1st period - Shot Misses the Net.
1:56 of 1st period - Puck is out of play.
1:57 of 1st period - Brad Marchand wins face-off versus Lars Eller in Sewer Rats zone.
2:08 of 1st period - Wrist shot by Jonathan Ferland.
2:08 of 1st period - Shot Misses the Net.
2:10 of 1st period - Slapshot by Brian Boyle.
2:10 of 1st period - Shot Blocked by Vojtech Polak.
2:51 of 1st period - Snap shot by Ville Leino.
2:51 of 1st period - Stopped by Josh Harding without a rebound.
2:52 of 1st period - Kyle Turris wins face-off versus Brian Boyle in Inferno zone.
3:18 of 1st period - Stephane Veilleux is hit by Ville Leino and loses puck.
3:25 of 1st period - Snap shot by Ville Leino.
3:25 of 1st period - Shot Hit the Post.
4:26 of 1st period - Icing by Brad Marchand.
4:27 of 1st period - Kyle Turris wins face-off versus Brian Boyle in Inferno zone.
4:28 of 1st period - Slapshot by Mark Mancari.
4:28 of 1st period - Stopped by Josh Harding with a rebound.
4:36 of 1st period - Snap shot by Jonathan Ferland.
4:36 of 1st period - Shot Blocked by Max Pacioretty.
4:38 of 1st period - Slapshot by Brendan Mikkelson.
4:38 of 1st period - Stopped by Jhonas Enroth without a rebound.
4:39 of 1st period - Brandon Sutter wins face-off versus Colin Wilson in Sewer Rats zone.
5:04 of 1st period - John-Michael Liles is hit by Brian Boyle and loses puck.
5:36 of 1st period - Snap shot by Mark Mancari.
5:36 of 1st period - Shot Misses the Net.
6:15 of 1st period - John Erskine is hit by Jonathan Ferland and loses puck.
6:42 of 1st period - Slapshot by Dustin Byfuglien.
6:42 of 1st period - Stopped by Josh Harding without a rebound.
6:43 of 1st period - Colin Wilson wins face-off versus Kyle Turris in Inferno zone.
7:08 of 1st period - Brad Marchand is hit by Vojtech Polak and loses puck.
7:31 of 1st period - Snap shot by Kyle Okposo.
7:31 of 1st period - Shot Blocked by Jake Dowell.
7:39 of 1st period - Icing by Dustin Byfuglien.
7:40 of 1st period - Brandon Sutter wins face-off versus Brian Boyle in Sewer Rats zone.
8:00 of 1st period - Brendan Mikkelson is hit by Ville Leino and loses puck.
8:38 of 1st period - Minor Penalty to John Erskine for Hooking.
8:39 of 1st period - Colin Wilson wins face-off versus Dustin Byfuglien in Sewer Rats zone.
8:43 of 1st period - Wrist shot by Jonathan Ferland.
8:43 of 1st period - Shot Misses the Net.
8:45 of 1st period - Snap shot by Brad Marchand.
8:45 of 1st period - Shot Misses the Net.
8:47 of 1st period - Slapshot by Andrej Sekera.
8:47 of 1st period - Deflect By John-Michael Liles.
8:47 of 1st period - Stopped by Jhonas Enroth with a rebound.
10:38 of 1st period - Penalty to John Erskine is over, John Erskine is back on ice.
10:52 of 1st period - Wrist shot by Kyle Okposo.
10:52 of 1st period - Stopped by Josh Harding without a rebound.
10:53 of 1st period - Lars Eller wins face-off versus Vladimir Sobotka in Inferno zone.
11:33 of 1st period - Slapshot by Mike Mottau.
11:33 of 1st period - Stopped by Josh Harding with a rebound.
11:35 of 1st period - Minor Penalty to Stephane Veilleux for Elbowing.
11:36 of 1st period - Brian Boyle wins face-off versus Ville Leino in Inferno zone.
11:36 of 1st period - Brian Boyle is hit by Ville Leino.
11:50 of 1st period - Wrist shot by Dustin Byfuglien.
11:50 of 1st period - Deflect By Ville Leino.
11:50 of 1st period - Goal by Ville Leino - Inferno : 0 - Sewer Rats : 1.
11:51 of 1st period - Brandon Sutter wins face-off versus Brian Boyle in neutral zone.
12:00 of 1st period - Snap shot by Ville Leino.
12:00 of 1st period - Goal by Ville Leino - Inferno : 0 - Sewer Rats : 2.
12:01 of 1st period - Brandon Sutter wins face-off versus Brian Boyle in neutral zone.
12:36 of 1st period - Wrist shot by Stephane Veilleux.
12:36 of 1st period - Stopped by Jhonas Enroth without a rebound.
12:37 of 1st period - Brandon Sutter wins face-off versus Brian Boyle in Sewer Rats zone.
12:37 of 1st period - Brandon Sutter is hit by Brian Boyle.
12:46 of 1st period - Minor Penalty to Brad Marchand for Interference.
12:47 of 1st period - Brian Boyle wins face-off versus Brandon Sutter in Inferno zone.
13:02 of 1st period - Icing by Mike Mottau.
13:03 of 1st period - Brandon Sutter wins face-off versus Brian Boyle in Sewer Rats zone.
13:28 of 1st period - Snap shot by Dustin Byfuglien.
13:28 of 1st period - Goal by Dustin Byfuglien - Inferno : 0 - Sewer Rats : 3.
13:29 of 1st period - Brian Boyle wins face-off versus Brandon Sutter in neutral zone.
13:36 of 1st period - Slapshot by Brad Marchand.
13:36 of 1st period - Shot Misses the Net.
14:04 of 1st period - Slapshot by Andrej Meszaros.
14:04 of 1st period - Stopped by Jhonas Enroth with a rebound.
14:16 of 1st period - Snap shot by Vladimir Sobotka.
14:16 of 1st period - Stopped by Jhonas Enroth with a rebound.
14:26 of 1st period - Slapshot by Vladimir Sobotka.
14:26 of 1st period - Stopped by Jhonas Enroth with a rebound.
14:34 of 1st period - Minor Penalty to Vojtech Polak for Roughing.
14:35 of 1st period - Colin Wilson wins face-off versus Dustin Byfuglien in Sewer Rats zone.
15:01 of 1st period - Vladimir Sobotka is hit by Max Pacioretty and loses puck.
15:08 of 1st period - Stephane Veilleux is hit by Max Pacioretty and loses puck.
15:47 of 1st period - Wrist shot by Brad Marchand.
15:47 of 1st period - Goal by Brad Marchand - Inferno : 1 - Sewer Rats : 3.
15:48 of 1st period - Brandon Sutter wins face-off versus Brian Boyle in neutral zone.
15:54 of 1st period - Slapshot by Mike Mottau.
15:54 of 1st period - Shot Misses the Net.
15:56 of 1st period - Snap shot by Ville Leino.
15:56 of 1st period - Shot Blocked by Brendan Mikkelson.
15:58 of 1st period - Slapshot by Ville Leino.
15:58 of 1st period - Stopped by Josh Harding without a rebound.
15:59 of 1st period - Brandon Sutter wins face-off versus Brian Boyle in Inferno zone.
16:33 of 1st period - Snap shot by Lars Eller.
16:33 of 1st period - Stopped by Josh Harding with a rebound.
16:35 of 1st period - Snap shot by Vojtech Polak.
16:35 of 1st period - Deflect By Kyle Okposo.
16:35 of 1st period - Stopped by Josh Harding without a rebound.
16:36 of 1st period - Colin Wilson wins face-off versus Kyle Turris in Inferno zone.
16:47 of 1st period - Slapshot by Max Pacioretty.
16:47 of 1st period - Shot Misses the Net.
17:10 of 1st period - Andrej Meszaros is hit by Ville Leino and loses puck.
17:50 of 1st period - Brad Marchand is hit by Kyle Quincey and loses puck.
17:57 of 1st period - Brad Marchand is hit by Lars Eller.
18:27 of 1st period - Snap shot by Dustin Byfuglien.
18:27 of 1st period - Stopped by Josh Harding with a rebound.
18:35 of 1st period - Snap shot by Dustin Byfuglien.
18:35 of 1st period - Stopped by Josh Harding with a rebound.
18:37 of 1st period - Wrist shot by Ville Leino.
18:37 of 1st period - Deflect By Brandon Sutter.
18:37 of 1st period - Shot Blocked by Vladimir Sobotka.
18:37 of 1st period - Puck is out of play.
18:38 of 1st period - Brian Boyle wins face-off versus Brandon Sutter in Inferno zone.
18:38 of 1st period - Brian Boyle is hit by Ville Leino.
19:14 of 1st period - Snap shot by Mark Mancari.
19:14 of 1st period - Shot Misses the Net.
19:26 of 1st period - John Erskine is hit by Pierre-Luc Létourneau and loses puck.
19:48 of 1st period - Minor Penalty to Jake Dowell for Interference.
19:49 of 1st period - Brandon Sutter wins face-off versus Brian Boyle in Inferno zone.
19:51 of 1st period - Wrist shot by Dustin Byfuglien.
19:51 of 1st period - Shot Blocked by Brendan Smith.
19:59 of 1st period - Slapshot by Mike Mottau.
19:59 of 1st period - Stopped by Josh Harding without a rebound.
Goals for this period are 1 for Inferno vs 3 for Sewer Rats.
Shots for this period are 8 for Inferno vs 16 for Sewer Rats.
2nd period
0:01 of 2nd period - Brian Boyle wins face-off versus Brandon Sutter in neutral zone.
0:12 of 2nd period - Wrist shot by Mike Mottau.
0:12 of 2nd period - Shot Misses the Net.
0:35 of 2nd period - Wrist shot by Max Pacioretty.
0:35 of 2nd period - Stopped by Josh Harding without a rebound.
0:36 of 2nd period - Brian Boyle wins face-off versus Brandon Sutter in Inferno zone.
1:22 of 2nd period - Icing by Mark Mancari.
1:23 of 2nd period - Kyle Turris wins face-off versus Jonathan Ferland in Sewer Rats zone.
1:42 of 2nd period - Snap shot by Ville Leino.
1:42 of 2nd period - Shot Blocked by Andrej Meszaros.
1:44 of 2nd period - Snap shot by Brandon Sutter.
1:44 of 2nd period - Stopped by Josh Harding without a rebound.
1:45 of 2nd period - Brandon Sutter wins face-off versus Brian Boyle in Inferno zone.
1:46 of 2nd period - Slapshot by Dustin Byfuglien.
1:46 of 2nd period - Shot Misses the Net.
1:48 of 2nd period - Penalty to Jake Dowell is over, Jake Dowell is back on ice.
1:48 of 2nd period - Slapshot by Matt Lashoff.
1:48 of 2nd period - Deflect By Dustin Byfuglien.
1:48 of 2nd period - Shot Hit the Post.
1:48 of 2nd period - Puck is out of play.
1:49 of 2nd period - Dustin Byfuglien wins face-off versus Colin Wilson in Inferno zone.
2:20 of 2nd period - Snap shot by Mark Mancari.
2:20 of 2nd period - Shot Misses the Net.
2:22 of 2nd period - Slapshot by Matt Lashoff.
2:22 of 2nd period - Stopped by Josh Harding without a rebound.
2:23 of 2nd period - Brandon Sutter wins face-off versus Vladimir Sobotka in Inferno zone.
3:04 of 2nd period - Minor Penalty to Mike Mottau for Slashing.
3:05 of 2nd period - Dustin Byfuglien wins face-off versus Colin Wilson in Sewer Rats zone.
3:14 of 2nd period - Andrej Sekera is hit by Ville Leino and loses puck.
3:21 of 2nd period - Snap shot by Andrej Meszaros.
3:21 of 2nd period - Shot Blocked by Ville Leino.
3:59 of 2nd period - Dustin Byfuglien is hit by Colin Wilson and loses puck.
5:04 of 2nd period - Penalty to Mike Mottau is over, Mike Mottau is back on ice.
5:05 of 2nd period - Mark Mancari is hit by Andrej Sekera and loses puck.
5:43 of 2nd period - Minor Penalty to Patrick Bordeleau for Holding.
5:44 of 2nd period - Dustin Byfuglien wins face-off versus Colin Wilson in Sewer Rats zone.
5:44 of 2nd period - Dustin Byfuglien is hit by Colin Wilson.
5:54 of 2nd period - Slapshot by Andrej Meszaros.
5:54 of 2nd period - Stopped by Jhonas Enroth with a rebound.
5:56 of 2nd period - Snap shot by Colin Wilson.
5:56 of 2nd period - Shot Misses the Net.
5:58 of 2nd period - Wrist shot by Brad Marchand.
5:58 of 2nd period - Stopped by Jhonas Enroth with a rebound.
6:08 of 2nd period - John Erskine is hit by Vladimir Zharkov and loses puck.
7:43 of 2nd period - Penalty to Patrick Bordeleau is over, Patrick Bordeleau is back on ice.
7:50 of 2nd period - Pierre-Luc Létourneau is hit by Kyle Okposo and loses puck.
8:07 of 2nd period - Minor Penalty to Alex Berry for Slashing.
8:08 of 2nd period - Brandon Sutter wins face-off versus Brian Boyle in Inferno zone.
8:09 of 2nd period - Snap shot by Dustin Byfuglien.
8:09 of 2nd period - Stopped by Josh Harding without a rebound.
8:10 of 2nd period - Brandon Sutter wins face-off versus Brian Boyle in Inferno zone.
8:21 of 2nd period - Slapshot by Ville Leino.
8:21 of 2nd period - Stopped by Josh Harding with a rebound.
8:44 of 2nd period - Wrist shot by Ville Leino.
8:44 of 2nd period - Shot Misses the Net.
8:46 of 2nd period - Wrist shot by Ville Leino.
8:46 of 2nd period - Stopped by Josh Harding without a rebound.
8:47 of 2nd period - Kyle Turris wins face-off versus Brian Boyle in Inferno zone.
9:02 of 2nd period - Snap shot by Mark Mancari.
9:02 of 2nd period - Stopped by Josh Harding without a rebound.
9:03 of 2nd period - Brandon Sutter wins face-off versus Brian Boyle in Inferno zone.
9:26 of 2nd period - John-Michael Liles is hit by Vladimir Sobotka and loses puck.
9:40 of 2nd period - Icing by John Erskine.
9:41 of 2nd period - Brandon Sutter wins face-off versus Brian Boyle in Sewer Rats zone.
9:46 of 2nd period - Wrist shot by Ville Leino.
9:46 of 2nd period - Stopped by Josh Harding without a rebound.
9:47 of 2nd period - Dustin Byfuglien wins face-off versus Brian Boyle in Inferno zone.
9:52 of 2nd period - Wrist shot by Ville Leino.
9:52 of 2nd period - Stopped by Josh Harding without a rebound.
9:53 of 2nd period - Brandon Sutter wins face-off versus Brian Boyle in Inferno zone.
9:54 of 2nd period - Snap shot by Dustin Byfuglien.
9:54 of 2nd period - Goal by Dustin Byfuglien - Inferno : 1 - Sewer Rats : 4.
9:55 of 2nd period - Brian Boyle wins face-off versus Brandon Sutter in neutral zone.
9:58 of 2nd period - Brandon Sutter is hit by Brian Boyle and loses puck.
10:26 of 2nd period - Icing by Mark Mancari.
10:27 of 2nd period - Vladimir Sobotka wins face-off versus Kyle Turris in Sewer Rats zone.
11:19 of 2nd period - Colin Wilson is hit by Kyle Okposo and loses puck.
11:44 of 2nd period - Vladimir Zharkov is hit by Kyle Quincey and loses puck.
12:01 of 2nd period - Snap shot by Brian Boyle.
12:01 of 2nd period - Shot Misses the Net.
12:03 of 2nd period - Slapshot by Brian Boyle.
12:03 of 2nd period - Stopped by Jhonas Enroth with a rebound.
12:09 of 2nd period - Minor Penalty to John Erskine for Hooking.
12:10 of 2nd period - Dustin Byfuglien wins face-off versus Colin Wilson in Sewer Rats zone.
12:21 of 2nd period - Snap shot by Jonathan Ferland.
12:21 of 2nd period - Stopped by Jhonas Enroth without a rebound.
12:22 of 2nd period - Dustin Byfuglien wins face-off versus Colin Wilson in Sewer Rats zone.
12:31 of 2nd period - Wrist shot by Jonathan Ferland.
12:31 of 2nd period - Goal by Jonathan Ferland - Inferno : 2 - Sewer Rats : 4.
12:32 of 2nd period - Brian Boyle wins face-off versus Brandon Sutter in neutral zone.
12:35 of 2nd period - John-Michael Liles is hit by Brad Marchand and loses puck.
12:40 of 2nd period - Snap shot by Jonathan Ferland.
12:40 of 2nd period - Deflect By Brian Boyle.
12:40 of 2nd period - Stopped by Jhonas Enroth with a rebound.
12:44 of 2nd period - Wrist shot by Brian Boyle.
12:44 of 2nd period - Stopped by Jhonas Enroth with a rebound.
12:46 of 2nd period - Slapshot by Andrej Sekera.
12:46 of 2nd period - Deflect By Jonathan Ferland.
12:46 of 2nd period - Stopped by Jhonas Enroth with a rebound.
12:58 of 2nd period - Andrej Sekera is hit by Max Pacioretty and loses puck.
13:05 of 2nd period - Wrist shot by Kyle Turris.
13:05 of 2nd period - Shot Misses the Net.
13:11 of 2nd period - Snap shot by Max Pacioretty.
13:11 of 2nd period - Shot Blocked by Stephane Veilleux.
13:51 of 2nd period - Snap shot by Kyle Okposo.
13:51 of 2nd period - Stopped by Josh Harding without a rebound.
13:52 of 2nd period - Brian Boyle wins face-off versus Brandon Sutter in Inferno zone.
14:03 of 2nd period - Snap shot by Brad Marchand.
14:03 of 2nd period - Deflect By Brian Boyle.
14:03 of 2nd period - Stopped by Jhonas Enroth with a rebound.
14:05 of 2nd period - Snap shot by Brendan Mikkelson.
14:05 of 2nd period - Shot Blocked by Ville Leino.
14:07 of 2nd period - Slapshot by Brendan Smith.
14:07 of 2nd period - Stopped by Jhonas Enroth without a rebound.
14:08 of 2nd period - Vladimir Sobotka wins face-off versus Kyle Turris in Sewer Rats zone.
14:13 of 2nd period - Slapshot by Pierre-Luc Létourneau.
14:13 of 2nd period - Shot Blocked by John-Michael Liles.
14:21 of 2nd period - Snap shot by Mark Mancari.
14:21 of 2nd period - Stopped by Josh Harding without a rebound.
14:22 of 2nd period - Brandon Sutter wins face-off versus Brian Boyle in Inferno zone.
14:38 of 2nd period - Snap shot by Jonathan Ferland.
14:38 of 2nd period - Stopped by Jhonas Enroth with a rebound.
14:52 of 2nd period - Jozef Balej is hit by Mark Mancari and loses puck.
15:13 of 2nd period - Wrist shot by Vladimir Zharkov.
15:13 of 2nd period - Shot Misses the Net.
15:15 of 2nd period - Snap shot by Vladimir Zharkov.
15:15 of 2nd period - Shot Misses the Net.
15:17 of 2nd period - Snap shot by Matt Kassian.
15:17 of 2nd period - Stopped by Jhonas Enroth with a rebound.
15:19 of 2nd period - Slapshot by Brendan Mikkelson.
15:19 of 2nd period - Stopped by Jhonas Enroth without a rebound.
15:20 of 2nd period - Vladimir Zharkov wins face-off versus Brandon Sutter in Sewer Rats zone.
15:23 of 2nd period - Slapshot by Andrej Sekera.
15:23 of 2nd period - Stopped by Jhonas Enroth with a rebound.
15:25 of 2nd period - Wrist shot by Vladimir Zharkov.
15:25 of 2nd period - Shot Misses the Net.
15:27 of 2nd period - Snap shot by Vladimir Zharkov.
15:27 of 2nd period - Shot Blocked by Ville Leino.
15:29 of 2nd period - Slapshot by Andrej Sekera.
15:29 of 2nd period - Shot Misses the Net.
15:31 of 2nd period - Slapshot by Andrej Sekera.
15:31 of 2nd period - Shot Blocked by Dustin Byfuglien.
15:43 of 2nd period - Slapshot by Vladimir Zharkov.
15:43 of 2nd period - Stopped by Jhonas Enroth with a rebound.
16:31 of 2nd period - Snap shot by Ville Leino.
16:31 of 2nd period - Stopped by Josh Harding with a rebound.
16:33 of 2nd period - Wrist shot by Dustin Byfuglien.
16:33 of 2nd period - Stopped by Josh Harding without a rebound.
16:34 of 2nd period - Brian Boyle wins face-off versus Kyle Turris in Inferno zone.
16:55 of 2nd period - Minor Penalty to Brian Boyle for High sticking.
16:56 of 2nd period - Vladimir Sobotka wins face-off versus Kyle Turris in Inferno zone.
17:43 of 2nd period - Wrist shot by Brendan Smith.
17:43 of 2nd period - Shot Hit the Post.
17:58 of 2nd period - Icing by John Erskine.
17:59 of 2nd period - Colin Wilson wins face-off versus Kyle Turris in Sewer Rats zone.
18:55 of 2nd period - Penalty to Brian Boyle is over, Brian Boyle is back on ice.
18:58 of 2nd period - Brian Boyle is hit by Evan Brophey.
18:59 of 2nd period - Brian Boyle from Inferno is injured at 18:59 of 2nd period (Right Foot).
19:00 of 2nd period - Brandon Sutter wins face-off versus Brad Marchand in Inferno zone.
19:27 of 2nd period - Off-side.
19:28 of 2nd period - Kyle Turris wins face-off versus Colin Wilson in neutral zone.
19:28 of 2nd period - Matt Lashoff is hit by Brendan Smith and loses puck.
19:38 of 2nd period - Minor Penalty to Jozef Balej for High sticking.
19:39 of 2nd period - Vladimir Sobotka wins face-off versus Brandon Sutter in Inferno zone.
19:51 of 2nd period - Slapshot by John-Michael Liles.
19:51 of 2nd period - Stopped by Josh Harding without a rebound.
19:52 of 2nd period - Vladimir Sobotka wins face-off versus Ville Leino in Inferno zone.
Goals for this period are 1 for Inferno vs 1 for Sewer Rats.
Shots for this period are 15 for Inferno vs 15 for Sewer Rats.
3rd period
0:01 of 3rd period - Brandon Sutter wins face-off versus Vladimir Sobotka in neutral zone.
0:10 of 3rd period - Snap shot by Dustin Byfuglien.
0:10 of 3rd period - Stopped by Josh Harding with a rebound.
1:05 of 3rd period - Brad Marchand is hit by John Erskine and loses puck.
1:34 of 3rd period - Jake Dowell is hit by Brandon Sutter and loses puck.
1:38 of 3rd period - Penalty to Jozef Balej is over, Jozef Balej is back on ice.
2:02 of 3rd period - Off-side.
2:03 of 3rd period - Pierre-Luc Létourneau wins face-off versus Derek Dorsett in neutral zone.
2:35 of 3rd period - Snap shot by Max Pacioretty.
2:35 of 3rd period - Stopped by Josh Harding without a rebound.
2:36 of 3rd period - Brad Marchand wins face-off versus Kyle Turris in Inferno zone.
2:48 of 3rd period - Pierre-Luc Létourneau beats up Matt Lashoff.
2:48 of 3rd period - Penalty to Matt Lashoff for Fighting.
2:48 of 3rd period - Penalty to Pierre-Luc Létourneau for Fighting.
2:49 of 3rd period - Brandon Sutter wins face-off versus Brad Marchand in neutral zone.
2:51 of 3rd period - Mike Mottau is hit by Andrej Meszaros and loses puck.
3:14 of 3rd period - Mike Mottau is hit by Brad Marchand and loses puck.
3:29 of 3rd period - Slapshot by Jake Dowell.
3:29 of 3rd period - Shot Misses the Net.
3:31 of 3rd period - Snap shot by Jake Dowell.
3:31 of 3rd period - Shot Misses the Net.
3:33 of 3rd period - Snap shot by Jake Dowell.
3:33 of 3rd period - Stopped by Jhonas Enroth without a rebound.
3:34 of 3rd period - Lars Eller wins face-off versus Colin Wilson in Sewer Rats zone.
3:34 of 3rd period - Lars Eller is hit by Colin Wilson.
4:32 of 3rd period - Off-side.
4:33 of 3rd period - Lars Eller wins face-off versus Colin Wilson in neutral zone.
4:38 of 3rd period - Snap shot by Kyle Okposo.
4:38 of 3rd period - Stopped by Josh Harding without a rebound.
4:39 of 3rd period - Lars Eller wins face-off versus Colin Wilson in Inferno zone.
4:48 of 3rd period - Snap shot by Kyle Okposo.
4:48 of 3rd period - Goal by Kyle Okposo - Inferno : 2 - Sewer Rats : 5.
4:49 of 3rd period - Brandon Sutter wins face-off versus Jozef Balej in neutral zone.
5:29 of 3rd period - Kyle Turris is hit by Matt Kassian and loses puck.
5:40 of 3rd period - Alex Berry is hit by Lars Eller.
6:44 of 3rd period - Minor Penalty to John Erskine for Roughing.
6:45 of 3rd period - Vladimir Sobotka wins face-off versus Dustin Byfuglien in Sewer Rats zone.
7:27 of 3rd period - Snap shot by Mark Mancari.
7:27 of 3rd period - Shot Misses the Net.
7:29 of 3rd period - Backhand shot by Max Pacioretty.
7:29 of 3rd period - Shot Blocked by Andrej Sekera.
7:31 of 3rd period - Snap shot by Max Pacioretty.
7:31 of 3rd period - Shot Misses the Net.
7:33 of 3rd period - Wrist shot by Mark Mancari.
7:33 of 3rd period - Goal by Mark Mancari - Inferno : 2 - Sewer Rats : 6.
7:34 of 3rd period - Dustin Byfuglien wins face-off versus Brad Marchand in neutral zone.
7:48 of 3rd period - Penalty to Matt Lashoff is over, Matt Lashoff is back on ice.
8:44 of 3rd period - Penalty to John Erskine is over, John Erskine is back on ice.
9:21 of 3rd period - Snap shot by Pierre-Luc Létourneau.
9:21 of 3rd period - Goal by Pierre-Luc Létourneau - Inferno : 3 - Sewer Rats : 6.
9:22 of 3rd period - Pierre-Luc Létourneau wins face-off versus Brandon Sutter in neutral zone.
9:53 of 3rd period - Off-side.
9:54 of 3rd period - Lars Eller wins face-off versus Pierre-Luc Létourneau in neutral zone.
9:57 of 3rd period - Slapshot by Mike Mottau.
9:57 of 3rd period - Shot Blocked by Brad Marchand.
9:59 of 3rd period - Slapshot by John-Michael Liles.
9:59 of 3rd period - Shot Blocked by Pierre-Luc Létourneau.
10:07 of 3rd period - Snap shot by Lars Eller.
10:07 of 3rd period - Shot Misses the Net.
10:50 of 3rd period - Slapshot by Andrej Meszaros.
10:50 of 3rd period - Deflect By Jonathan Ferland.
10:50 of 3rd period - Shot Blocked by Kyle Quincey.
10:50 of 3rd period - Puck is out of play.
10:51 of 3rd period - Colin Wilson wins face-off versus Brandon Sutter in Sewer Rats zone.
11:21 of 3rd period - Wrist shot by Vladimir Zharkov.
11:21 of 3rd period - Stopped by Jhonas Enroth without a rebound.
11:22 of 3rd period - Jake Dowell wins face-off versus Kyle Turris in Sewer Rats zone.
11:31 of 3rd period - Snap shot by Mike Mottau.
11:31 of 3rd period - Deflect By Max Pacioretty.
11:31 of 3rd period - Shot Blocked by Vladimir Zharkov.
11:31 of 3rd period - Puck is out of play.
11:32 of 3rd period - Kyle Turris wins face-off versus Pierre-Luc Létourneau in Inferno zone.
11:33 of 3rd period - Snap shot by Mark Mancari.
11:33 of 3rd period - Stopped by Josh Harding without a rebound.
11:34 of 3rd period - Jonathan Ferland wins face-off versus Brandon Sutter in Inferno zone.
12:00 of 3rd period - Jozef Balej is hit by Kyle Turris and loses puck.
12:13 of 3rd period - Wrist shot by Mark Mancari.
12:13 of 3rd period - Shot Misses the Net.
12:32 of 3rd period - Vojtech Polak is hit by Vladimir Sobotka and loses puck.
13:05 of 3rd period - Ville Leino is hit by Mark Mitera and loses puck.
13:28 of 3rd period - Slapshot by Alex Berry.
13:28 of 3rd period - Deflect By Pierre-Luc Létourneau.
13:28 of 3rd period - Shot Misses the Net.
13:28 of 3rd period - Puck is out of play.
13:29 of 3rd period - Vladimir Sobotka wins face-off versus Kyle Turris in Sewer Rats zone.
13:41 of 3rd period - Mark Mancari is hit by Brendan Smith.
13:55 of 3rd period - John-Michael Liles is hit by Jonathan Ferland and loses puck.
14:24 of 3rd period - Derek Dorsett is hit by Andrej Sekera and loses puck.
14:37 of 3rd period - Mike Mottau is hit by Jozef Balej and loses puck.
14:52 of 3rd period - Slapshot by Mike Mottau.
14:52 of 3rd period - Deflect By Max Pacioretty.
14:52 of 3rd period - Shot Misses the Net.
14:52 of 3rd period - Puck is out of play.
14:53 of 3rd period - Kyle Turris wins face-off versus Pierre-Luc Létourneau in Inferno zone.
15:18 of 3rd period - Matt Lashoff is hit by Brendan Mikkelson and loses puck.
15:27 of 3rd period - Wrist shot by Stephane Veilleux.
15:27 of 3rd period - Stopped by Jhonas Enroth without a rebound.
15:28 of 3rd period - Mark Mancari wins face-off versus Pierre-Luc Létourneau in Sewer Rats zone.
15:30 of 3rd period - Minor Penalty to Kyle Quincey for Hooking.
15:31 of 3rd period - Dustin Byfuglien wins face-off versus Colin Wilson in Sewer Rats zone.
15:45 of 3rd period - Mike Mottau is hit by Andrej Meszaros and loses puck.
17:30 of 3rd period - Penalty to Kyle Quincey is over, Kyle Quincey is back on ice.
17:38 of 3rd period - Snap shot by Lars Eller.
17:38 of 3rd period - Shot Misses the Net.
17:40 of 3rd period - Slapshot by Vojtech Polak.
17:40 of 3rd period - Shot Misses the Net.
17:42 of 3rd period - Backhand shot by Kyle Quincey.
17:42 of 3rd period - Stopped by Josh Harding with a rebound.
17:44 of 3rd period - Wrist shot by Kyle Okposo.
17:44 of 3rd period - Shot Blocked by Brendan Mikkelson.
18:50 of 3rd period - Slapshot by Kyle Okposo.
18:50 of 3rd period - Shot Blocked by Pierre-Luc Létourneau.
Goals for this period are 1 for Inferno vs 2 for Sewer Rats.
Shots for this period are 4 for Inferno vs 7 for Sewer Rats.
Output by the SimonT Hockey Simulator (STHS) for François Prévost -- Original Page W3C XHTML 1.0 Valid